 Dungeon Crawl Stone Soup version 0.26.1-2-gb8aa6d0cf2 (webtiles) character file.

Game seed: 1979503086163847293

224 Descartes the Magician (level 5, -4/28 HPs)
             Began as a Deep Elf Wanderer on Mar 12, 2021.
             Slain by a centaur skeleton (5 damage)
             ... on level 4 of the Dungeon.
             The game lasted 00:15:25 (4278 turns).

Descartes the Magician (Deep Elf Wanderer)          Turns: 4278, Time: 00:15:26

Health: -4/28      AC:  8    Str:  8    XL:     5   Next: 67%
Magic:  13/13      EV: 10    Int: 19    God:
Gold:   214        SH:  0    Dex: 14    Spells: 4/12 levels left

rFire    . . .     SeeInvis .   a - +2 dagger
rCold    . . .     Faith    .   (no shield)
rNeg     . . .     Spirit   .   i - +1 ring mail
rPois    +         Reflect  .   (helmet restricted)
rElec    .         Harm     .   y - +0 cloak
rCorr    .         Rampage  .   s - +0 pair of gloves
Will     .....                  (no boots)
Stlth    +.........             o - amulet of magic regeneration
HPRegen  0.09/turn              B - ring of poison resistance
MPRegen  0.38/turn              (no ring)

@: hasted, very quick
A: horns 1, mutation resistance 1, no potion heal 1
a: no special abilities


You were on level 4 of the Dungeon.
You visited 1 branch of the dungeon, and saw 4 of its levels.

You collected 214 gold pieces.

Inventory:

Hand Weapons
 a - a +2 dagger (weapon)
 l - a +0 hunting sling
Missiles
 d - 3 boomerangs
 e - 27 bolts
 g - 73 arrows
 h - 208 stones
 k - 44 sling bullets
 x - 2 silver boomerangs (quivered)
Armour
 i - a +1 ring mail (worn)
 s - a +0 pair of gloves (worn)
 y - a +0 cloak (worn)
Jewellery
 o - an amulet of magic regeneration (around neck)
 B - a ring of poison resistance (left hand)
Wands
 v - a wand of paralysis (8)
Scrolls
 b - 4 scrolls of fear
 c - a scroll of teleportation {unknown}
 q - a scroll of remove curse
 r - 3 scrolls of amnesia {unknown}
 w - 2 scrolls of immolation {unknown}
 A - a scroll of enchant armour
Potions
 j - a potion of attraction
 m - a potion of berserk rage
 n - 3 potions of curing
 p - 2 potions of resistance
 u - 2 potions of cancellation


   Skills:
 - Level 2.0 Short Blades
 - Level 1.0 Throwing
 - Level 0.7 Armour
 + Level 1.8 Dodging
 - Level 1.2 Stealth
 + Level 4.4 Spellcasting
 + Level 2.8 Conjurations
 + Level 2.6 Hexes
 - Level 3.2 Translocations
 - Level 1.1 Transmutations
 + Level 2.3 Air Magic


You had 4 spell levels left.
You knew the following spells:

 Your Spells              Type           Power        Failure   Level
a - Shock                 Conj/Air       56%          14%         1
b - Petrify               Tmut/Erth      6%           97%         4
c - Confusing Touch       Hex            14%          38%         3

Your spell library contained the following spells:

 Spells                   Type           Power        Failure   Level
 Gell's Gravitas          Tloc           8%           32%         3
 Static Discharge         Conj/Air       14%          38%         3
 Yara's Violent Unravell  Hex/Tmut       5%           99%         5
 Metabolic Englaciation   Hex/Ice        4%           100%        5


Dungeon Overview and Level Annotations

Branches:
Dungeon (4/15)
 Temple: D:4-7

Altars:
Hepliaklqana
Qazlal

Annotations:
D:4 JozkaLipnik's ghost, amateur MiHu


Innate Abilities, Weirdness & Mutations

You have a pair of small horns on your head.
You are somewhat resistant to further mutation.
Potions are less effective at restoring your health.


Message History

JozkaLipnik's ghost is lightly damaged.
The centaur skeleton hits you but does no damage.
JozkaLipnik's ghost hits you.
* * * LOW HITPOINT WARNING * * *
The adder zombie barely misses you.
You hit JozkaLipnik's ghost.
Your headbutt misses JozkaLipnik's ghost.
JozkaLipnik's ghost is moderately damaged.
The centaur skeleton closely misses you.
The centaur skeleton hits you.
* * * LOW HITPOINT WARNING * * *
Your system partially rejects the healing.
You feel better. JozkaLipnik's ghost hits you.
* * * LOW HITPOINT WARNING * * *
The centaur skeleton completely misses you.
The adder zombie bites you.
* * * LOW HITPOINT WARNING * * *
The centaur skeleton misses you. The centaur skeleton hits you.
You die...

........##.......................
........##.)........#............
[.......##..........#............
....................#............
....................#............
....................#........)...
.................####.........^≈.
.........................##≈.^^≈.
.....<.........Z@......§≈§#≈...≈#
...............Z.......§§#^...##.
...............ZW....#.^§.≈^...^.
...####...###'''###..#......_....
...# #...#.......#..##...≈...^^.
...# #...##..!..##....^.#^..^≈..
...# #####.......####..##≈...###
...# ##.!!..## #.§≈≈#^(^### ####
#..#.#..# #..^^......≈


You could see JozkaLipnik's ghost, an adder zombie and 2 centaur skeletons.

Vanquished Creatures
  A hound (D:4)
  An orc wizard (D:4)
  4 gnolls (D:3)
  4 adders
  A worm (D:4)
  3 dart slugs
  A leopard gecko (D:2)
  7 orcs
  A ball python (D:2)
  2 giant cockroaches
  6 goblins
  8 hobgoblins
  9 jackals
  11 bats
  4 frilled lizards
  8 kobolds
  9 rats
80 creatures vanquished.

Notes
Turn   | Place    | Note
-------+----------+-------------------------------------------
     0 | D:1      | Descartes the Deep Elf Wanderer began the quest for the
                  | Orb.
     0 | D:1      | Descartes set off with the following items: a +2 dagger, a
                  | scroll of fear, a +0 robe; and the following spell
                  | memorised: Shock; and the following spells available to
                  | memorise: Static Discharge
     0 | D:1      | Reached XP level 1. HP: 10/10 MP: 6/6
   453 | D:1      | Reached XP level 2. HP: 15/15 MP: 4/8
   513 | D:1      | Reached skill level 1 in Conjurations
   633 | D:1      | Reached skill level 1 in Short Blades
   702 | D:1      | Reached skill level 1 in Air Magic
   939 | D:1      | Reached XP level 3. HP: 19/19 MP: 7/10
  2663 | D:2      | Reached XP level 4. HP: 21/24 MP: 6/11
  2850 | D:3      | Reached skill level 4 in Spellcasting
  3087 | D:3      | Reached skill level 1 in Dodging
  3087 | D:3      | Reached XP level 5. HP: 28/28 MP: 9/13
  3171 | D:3      | Learned a level 4 spell: Petrify
  3446 | D:4      | Found a runed translucent gate.
  3447 | D:4      | Found a runed translucent gate.
  3448 | D:4      | Found a runed translucent gate.
  3472 | D:4      | Found a hazy altar of Hepliaklqana.
  4006 | D:4      | Found a stormy altar of Qazlal.
  4240 | D:4      | Noticed JozkaLipnik's ghost (amateur MiHu)
  4258 | D:4      | Learned a level 3 spell: Confusing Touch
  4262 | D:4      | Gained mutation: You have a pair of small horns on your
                  | head. [potion of mutation]
  4262 | D:4      | Gained mutation: Potions are less effective at restoring
                  | your health. [potion of mutation]
  4262 | D:4      | Gained mutation: You are somewhat resistant to further
                  | mutation. [potion of mutation]
  4276 | D:4      | HP: 1/28 [centaur skeleton (1)]
  4278 | D:4      | Slain by a centaur skeleton

Illustrated notes

Levels and vault maps discovered:
D:1:      dpeg_arrival_three_bigger_balls, layout_basic
D:2:      layout_loops_ring
D:3:      layout_rooms
D:4:      layout_basic, grunt_qazlal_sundering, nicolae_overflow_crystal_walls,
          gammafunk_ghost_necromancy

Skill      XL: |  1  2  3  4  5 |
---------------+----------------+-----
Conjurations   | 1 2 |  2.8
Short Blades   | 1 2 |  2.0
Air Magic      | 1 2 |  2.3
Spellcasting   | 4 |  4.4
Dodging        | 1 |  1.8
Throwing       | |  1.0
Armour         | |  0.7
Stealth        | |  1.2
Hexes          | |  2.6
Translocations | |  3.2
Transmutations | |  1.1

Action                   |  1- 3 |  4- 6 || total
-------------------------+-------+-------++-------
Melee: Dagger            |    10 |    43 ||    53
 Cast: Shock             |   121 |    77 ||   198
  Use: Scroll            |     1 |     9 ||    10
       Potion            |       |     3 ||     3
Armor: Robe              |     4 |       ||     4
       Ring mail         |    23 |    32 ||    55
Dodge: Dodged            |    34 |    37 ||    71
